 Dungeon Crawl Stone Soup version 0.27.1-33-g824d729ab1 (webtiles) character file.

Game seed: 12147001181997905189

212 pkoi the Ruffian (level 5, -3/41 HPs)
             Began as a Draconian Gladiator on Dec 15, 2021.
             Slain by Crazy Yiuf (5 damage)
             ... on level 2 of the Dungeon.
             The game lasted 00:02:11 (2642 turns).

pkoi the Ruffian (Draconian Gladiator)              Turns: 2642, Time: 00:02:13

Health: -3/41      AC:  5    Str: 16    XL:     5   Next: 58%
Magic:  0/5        EV: 12    Int:  9    God:
Gold:   54         SH:  0    Dex: 13    Spells: 4/4 levels left

rFire    . . .     SeeInvis .   k - +2 dagger (venom)
rCold    . . .     Faith    .   (no shield)
rNeg     . . .     Spirit   .   (armour unavailable)
rPois    .         Reflect  .   a - +0 hat
rElec    .         Harm     .   (no cloak)
rCorr    .         Rampage  .   (no gloves)
Will     .....                  (no boots)
Stlth    +.........             (no amulet)
HPRegen  0.13/turn              (no ring)
MPRegen  0.09/turn              (no ring)

@: no status effects
A: AC +5, unfitting armour, cold-blooded
a: no special abilities


You were on level 2 of the Dungeon.
You visited 1 branch of the dungeon, and saw 2 of its levels.

You collected 54 gold pieces.

Inventory:

Hand Weapons
 k - a +2 dagger of venom (weapon)
Missiles
 b - 3 throwing nets (quivered)
 j - 5 boomerangs of dispersal
Armour
 a - a +0 hat (worn)
Scrolls
 c - 2 scrolls of identify {unknown}
 d - a scroll of noise {unknown}
 f - a scroll of teleportation {unknown}
 h - a scroll of amnesia {unknown}
 m - 2 scrolls of blinking {unknown}
Potions
 e - a potion of haste {unknown}
 g - 2 potions of cancellation
 i - a potion of degeneration {unknown}
 l - a potion of heal wounds {unknown}


   Skills:
 - Level 2.1 Fighting
 - Level 1.7 Throwing
 - Level 2.6 Dodging
 + Level 6.4 Unarmed Combat


You had 4 spell levels left.
You didn't know any spells.
Your spell library was empty.

Dungeon Overview and Level Annotations

Branches:
Dungeon (2/15)

Altars:

Shops:
D:1 [:

Annotations:
D:2 Crazy Yiuf


Innate Abilities, Weirdness & Mutations

Your plain brown scales are hard. (AC +5)
You cannot fit into any form of body armour.
You are cold-blooded and may be slowed by cold attacks.


Message History

You hit Crazy Yiuf but do no damage.
Your tail-slap misses Crazy Yiuf.
Crazy Yiuf is lightly wounded.
Crazy Yiuf drinks a potion.
Crazy Yiuf is healed!
Crazy Yiuf looks more healthy.
You hit Crazy Yiuf.
Crazy Yiuf is poisoned.
Crazy Yiuf is lightly wounded.
Crazy Yiuf closely misses you.
You barely miss Crazy Yiuf.
Your tail-slap misses Crazy Yiuf.
Crazy Yiuf is lightly wounded.
Crazy Yiuf barely misses you.
You hit Crazy Yiuf but do no damage.
Your tail-slap misses Crazy Yiuf.
Crazy Yiuf is lightly wounded.
Crazy Yiuf closely misses you.
You hit Crazy Yiuf.
Crazy Yiuf is moderately wounded.
Crazy Yiuf closely misses you.
You hit Crazy Yiuf but do no damage.
Crazy Yiuf is moderately wounded.
Crazy Yiuf hits you with a +2 quarterstaff of chaos!
* * * LOW HITPOINT WARNING * * *
You feel your power leaking away.
You hit Crazy Yiuf.
Crazy Yiuf is heavily wounded.
Crazy Yiuf hits you with a +2 quarterstaff of chaos.
* * * LOW HITPOINT WARNING * * *
You hit Crazy Yiuf but do no damage.
Your tail-slap misses Crazy Yiuf.
Crazy Yiuf is heavily wounded.
Crazy Yiuf whimpers, "Powder down canine!"
Crazy Yiuf hits you with a +2 quarterstaff of chaos!
* * * LOW HITPOINT WARNING * * *
You feel yourself slow down. Crazy Yiuf freezes you.
* * * LOW HITPOINT WARNING * * *
Crazy Yiuf yells, "Two!
Trifle seventy Orb Guardian."
It was a potion of cancellation.
Your magical effects are unravelling.
You feel magically purged.
You feel yourself speed up. Crazy Yiuf closely misses you.
Crazy Yiuf hits you with a +2 quarterstaff of chaos.
You die...

♣♣.♣♣ #####....... ♣.♣♣
#.....##.#.. ♣♣.♣ #..##.......
♣.♣♣ ##.##....<.. ♣♣.♣
#..#....... ###### ##'##
###......... #....# #...#
#...#....<.. ## #...)# #.g.#
#........... .##....#### #.@)#
#........... ..#.......# #####
#...#(.##.## #.#.....###
#........... #.#.......#####
###.....#..... #.#.†..##..##.#
#..##...#.....
#..#######.##.#####.....###.....
##.# #.........##...####......
#.# #.....<........#....###..
#.## #.................### #..


You could see Crazy Yiuf (poisoned).

Vanquished Creatures
  Sigmund (D:1)
  2 worms (D:2)
  2 dart slugs
  3 bats
  3 endoplasms
  2 giant cockroaches
  3 goblins
  7 hobgoblins (D:1)
  3 jackals
  4 quokkas
  A ball python (D:1)
  5 frilled lizards (D:2)
  4 kobolds
  7 rats
47 creatures vanquished.

Notes
Turn   | Place    | Note
-------+----------+-------------------------------------------
     0 | D:1      | pkoi the Draconian Gladiator began the quest for the Orb.
     0 | D:1      | Reached XP level 1. HP: 17/17 MP: 1/1
    13 | D:1      | Found Acong's Book Shoppe.
   263 | D:1      | Reached XP level 2. HP: 14/24 MP: 2/2
   498 | D:1      | Reached skill level 4 in Unarmed Combat
   809 | D:1      | Reached XP level 3. HP: 27/29 MP: 3/3
   904 | D:1      | Found Soorgh's Antique Armour Shop.
  1567 | D:2      | Found a faded altar of an unknown god.
  1634 | D:2      | Noticed Sigmund
  2189 | D:1      | Killed Sigmund
  2190 | D:1      | Reached skill level 6 in Unarmed Combat
  2190 | D:1      | Reached XP level 4. HP: 3/36 MP: 4/4
  2190 | D:1      | Reached XP level 5. HP: 3/41 MP: 5/5
  2624 | D:2      | Found a runed translucent door.
  2625 | D:2      | Noticed Crazy Yiuf
  2640 | D:2      | HP: 1/41 [Crazy Yiuf (4)]
  2642 | D:2      | Slain by Crazy Yiuf

Illustrated notes

Levels and vault maps discovered:
D:1:      shiori_arrival_oz, layout_rooms, serial_shops, nicolae_lakefront_shop,
          nicolae_square_shop
D:2:      layout_rooms, hellmonk_ecumenical_altar_blasted,
          uniq_crazy_yiuf_cottage, uniq_sigmund, uniq_terence

Skill      XL: |  1  2  3 |
---------------+----------+-----
Unarmed Combat | 4 6 |  6.4
Fighting       | |  2.1
Throwing       | |  1.7
Dodging        | |  2.6

Action                   |  1- 3 |  4- 6 || total
-------------------------+-------+-------++-------
Melee: Unarmed           |   124 |       ||   124
       Tailslap          |    18 |     2 ||    20
       Punch             |     2 |       ||     2
       Dagger            |    39 |    11 ||    50
  Use: Potion            |       |     1 ||     1
 Stab: Sleeping          |     2 |       ||     2
Armor: Skin              |    59 |       ||    59
Dodge: Dodged            |   114 |     6 ||   120
